Map: [ESL] Crimson Court

Players

Spirit - Winner!

  • Race: Terran Terran
  • Spawn Location: 1:00

ShoWTimE

  • Race: Protoss Protoss
  • Spawn Location: 7:00

Event: ESL SC2 Masters 2024 Spring (Regional)

VOD

Have the link to the VOD?

Description

Time

  • Played on: April 28, 2024, 11:12 a.m.
  • Length: 22:48

All games in this series

Show
View Real Time Build Order
Export as new Build Order

Spirit Terran - Winner!

Build Orders: Cyclone Opening 

Get SALT Encoding   

  12  0:00  SCV  
  13  0:12  SCV  
  14  0:16  Supply Depot  
  14  0:24  SCV  
  15  0:35  Refinery  
  15  0:38  SCV  
  16  0:43  Barracks  
  16  0:50  SCV  
  17  1:02  SCV  
  18  1:14  SCV  
  19  1:30  Orbital Command, Marine  
  20  1:41  Command Center  
  20  1:50  Factory  
  20  1:58  Barracks Reactor  
  20  2:01  SCV  
  21  2:05  Supply Depot  
  21  2:13  SCV  
  22  2:25  SCV  
  23  2:33  Cyclone  
  23  2:34  Marine x2  
  27  2:37  SCV  
  28  2:49  SCV  
  28  2:52  Marine x2  
  29  3:01  Command Center  
  29  3:02  SCV  
  30  3:09  Cyclone  
  30  3:11  Marine  
  31  3:13  Marine  
  31  3:24  SCV, Orbital Command  
  32  3:30  Marine x2  
  34  3:36  SCV  
  35  3:41  Cyclone  
  35  3:48  SCV, Barracks  
  37  3:50  SCV  
  37  3:53  Marine  
  40  3:55  Marine  
  40  4:00  SCV  
  40  4:02  SCV  
  43  4:03  Supply Depot  
  43  4:11  Barracks  
  43  4:13  SCV  
  43  4:14  SCV  
  43  4:15  Orbital Command  
  45  4:18  Factory Tech Lab  
  45  4:23  Refinery, Marine x2  
  47  4:26  SCV  
  47  4:28  SCV  
  49  4:32  Engineering Bay  
  49  4:38  SCV  
  49  4:40  SCV  
  49  4:42  Stimpack  
  49  4:43  SCV  
  49  4:45  Factory Tech Lab  
  52  4:49  Starport  
  52  4:50  SCV  
  52  4:52  SCV  
  54  4:55  SCV  
  54  4:57  Bunker  
  54  4:58  Terran Infantry Weapons Level 1  
  55  5:02  SCV  
  55  5:04  SCV  
  57  5:07  SCV  
  57  5:09  Factory Reactor  
  57  5:10  Supply Depot, Refinery  
  57  5:13  Missile Turret  
  58  5:15  SCV, Missile Turret  
  58  5:20  SCV x2  
  61  5:22  Combat Shield, Marine  
  61  5:23  Marine  
  61  5:25  Marine x2  
  65  5:29  SCV  
  65  5:34  Orbital Command  
  65  5:35  Starport Reactor  
  66  5:36  Refinery  
  66  5:41  SCV  
  67  5:43  Barracks x2  
  67  5:48  SCV, Widow Mine x2  
  72  5:53  Supply Depot  
  72  5:54  Supply Depot  
  72  5:55  SCV  
  73  5:57  Marauder, Marine  
  73  6:00  SCV  
  77  6:05  Supply Depot  
  77  6:14  Marine  
  77  6:15  SCV x3, Medivac x2  
  85  6:22  Concussive Shells, Marauder, Marine  
  85  6:25  Missile Turret, Marauder  
  90  6:27  SCV, Widow Mine  
  90  6:28  Widow Mine  
  90  6:32  Barracks Tech Lab  
  95  6:33  SCV, Barracks Tech Lab  
  95  6:34  SCV, Supply Depot  
  95  6:36  Marine  
  95  6:39  SCV  
  99  6:40  Marine  
  99  6:46  SCV, Marauder  
  101  6:47  Marauder  
  101  6:55  SCV, Medivac, Marine, Widow Mine x2  
  101  6:57  Refinery  
  109  7:03  Marine x2  
  109  7:04  Terran Infantry Armor Level 1, Marauder  
  109  7:05  Supply Depot x2  
  109  7:07  SCV, Marauder  
  116  7:13  Ghost Academy  
  116  7:14  Marine  
  116  7:15  SCV, Marauder  
  112  7:16  SCV  
  112  7:21  Marine  
  112  7:22  Marauder  
  116  7:23  SCV, Bunker  
  116  7:26  Marine  
  116  7:27  Medivac  
  116  7:28  Medivac, Marine  
  123  7:31  SCV  
  123  7:32  SCV  
  125  7:38  Supply Depot  
  125  7:40  Supply Depot, Refinery  
  125  7:42  Factory Tech Lab  
  125  7:43  SCV  
  125  7:44  Supply Depot  
  127  7:46  Ghost  
  127  7:48  Ghost  
  127  7:51  SCV x2  
  132  7:59  SCV, Ghost  
  132  8:05  Supply Depot x2  
  137  8:07  Ghost  
  137  8:08  Marine  
  137  8:11  SCV  
  139  8:15  Command Center  
  139  8:16  Missile Turret  
  139  8:18  Supply Depot  
  139  8:19  Siege Tank  
  142  8:21  Medivac  
  146  8:27  Marauder  
  146  8:28  Supply Depot, Marauder  
  146  8:30  Supply Depot  
  146  8:31  Marauder, Marine  
  151  8:38  Marauder  
  151  8:40  Armory  
  151  8:41  Engineering Bay  
  153  8:44  Marine  
  156  8:48  Marauder, Marine  
  156  8:49  Supply Depot  
  156  8:50  Marauder  
  156  8:54  Starport  
  159  9:01  Marauder, Marine  
  159  9:02  Marine  
  162  9:07  Marine  
  166  9:10  Marauder  
  166  9:11  Marauder  
  168  9:18  Medivac x2  
  168  9:19  Marauder  
  168  9:20  Marine  
  168  9:22  Marine  
  176  9:26  Marine  
  176  9:29  Barracks x2  
  177  9:33  Barracks  
  177  9:35  Marine  
  177  9:36  Marine  
  176  9:40  Terran Infantry Weapons Level 2  
  176  9:41  Terran Ship Weapons Level 1, Terran Infantry Armor Level 2  
  176  9:44  SCV x2  
  178  9:47  SCV  
  177  9:55  Marauder, Marine  
  177  9:56  SCV  
  177  9:59  Unknown, Missile Turret  
  179  10:03  Marauder, Marine  
  179  10:04  Marauder, Marine  
  179  10:06  Medivac  
  186  10:12  Marine  
  179  10:16  Marine x2  
  171  10:22  Marauder  
  171  10:24  Marauder, Marine  
  171  10:26  Medivac, Marauder  
  173  10:30  Barracks Tech Lab  
  173  10:34  Planetary Fortress, Marauder, Marine  
  177  10:35  SCV  
  177  10:42  SCV  
  180  10:43  Medivac  
  180  10:44  Marauder  
  180  10:45  Barracks Tech Lab x2  
  180  10:46  Marauder  
  180  10:47  Marauder, Marine  
  180  10:51  Marauder  
  180  10:52  Marine  
  180  10:54  Viking x2  
  180  10:56  Marauder, Viking  
  191  11:05  Fusion Core, Marauder  
  193  11:13  Viking  
  195  11:21  Marine  
  195  11:22  Marauder  
  195  11:24  Marauder, Marine  
  200  11:30  Marauder  
  200  11:31  Marauder  
  200  11:32  Marine  
  200  11:34  Command Center  
  200  11:38  Marauder  
  184  11:47  Medivac x3  
  184  11:48  Ghost x3  
  184  11:49  Marine  
  184  11:50  Marauder  
  198  11:55  Advanced Ballistics  
  198  11:56  Sensor Tower  
  198  12:01  SCV x2  
  198  12:10  Marauder  
  199  12:17  Marine  
  199  12:18  Ghost  
  199  12:20  Ghost  
  199  12:24  Orbital Command  
  199  12:25  Orbital Command  
  199  12:26  Orbital Command  
  199  12:27  Liberator x4  
  199  12:29  Terran Infantry Weapons Level 3  
  199  12:40  Ghost  
  196  12:51  SCV x2  
  198  12:59  SCV  
  199  13:16  Planetary Fortress  
  199  13:19  Ghost  
  190  13:21  Marine  
  188  13:29  Ghost x2  
  188  13:30  Ghost x2  
  188  13:31  Marauder x2, Marine  
  184  13:39  Marine  
  154  13:48  Marine  
  154  13:49  Marauder  
  154  13:51  Liberator  
  154  13:52  Marauder x2  
  144  13:57  Marine  
  144  13:58  Liberator x2, Marauder x2  
  144  13:59  Marauder x2  
  144  14:00  Widow Mine  
  136  14:06  Marine  
  136  14:07  SCV  
  127  14:10  Liberator, Marauder  
  127  14:14  Marine, Marauder x2  
  137  14:19  Marauder  
  137  14:20  Marine, Marauder  
  137  14:21  Marauder  
  137  14:22  Widow Mine  
  145  14:24  Marine  
  145  14:26  SCV  
  145  14:31  Marauder  
  145  14:32  Marine  
  145  14:33  Liberator  
  145  14:34  Marine  
  145  14:35  Marine  
  145  14:38  Marine  
  152  14:40  Marine x2  
  152  14:41  Liberator x2  
  152  14:42  Marauder, Marine  
  163  14:50  Marine  
  163  14:52  Marine  
  160  14:53  Marauder x2  
  160  14:56  SCV x2, Marine  
  160  14:58  Marine  
  160  14:59  Marauder  
  170  15:00  Marine  
  170  15:03  Marauder  
  170  15:07  Liberator  
  159  15:08  SCV, Marine  
  159  15:11  Marauder  
  159  15:13  SCV, Refinery  
  159  15:14  Marauder, Marine x2  
  168  15:16  Marauder  
  168  15:17  Marine  
  168  15:20  SCV  
  175  15:28  Liberator  
  174  15:30  SCV, Refinery  
  174  15:31  Marine  
  174  15:33  SCV  
  174  15:34  Marine  
  178  15:37  Marine  
  178  15:38  Marine  
  178  15:41  Marine  
  175  15:42  Marine  
  176  15:53  Unknown  
  176  15:58  Marauder, Marine  
  171  16:12  Medivac, Marine  
  167  16:18  Marine  
  159  16:25  Marine  
  159  16:27  SCV x2, Marine  
  159  16:31  Marauder, Marine  
  162  16:34  Marine  
  162  16:35  Marine  
  162  16:36  Marauder  
  162  16:39  SCV x2  
  165  16:43  Marauder, Marine  
  168  16:52  Marauder, Marine  
  133  16:55  Marine  
  133  16:59  Marauder x3  
  138  17:04  Marauder, Marine  
  138  17:07  Marine  
  142  17:09  Marine  
  142  17:13  Marauder, Marine  
  143  17:20  Marine x3  
  143  17:21  Marine  
  136  17:25  Marauder, Marine  
  136  17:27  Marine  
  136  17:29  Medivac  
  138  17:38  Medivac  
  138  17:40  SCV x2  
  135  17:44  Marine  
  135  17:45  Marauder  
  135  17:52  SCV x2  
  135  17:53  Marine x2  
  135  17:54  Marine  
  140  18:01  Medivac  
  140  18:03  Marauder, Marine  
  140  18:04  SCV x2, Marine  
  140  18:05  Marine x2  
  150  18:08  Marauder  
  150  18:11  Marine  
  153  18:13  Marine  
  153  18:16  SCV  
  153  18:17  SCV  
  148  18:25  Marine x6  
  156  18:28  SCV  
  156  18:29  SCV, Marine  
  156  18:32  Marine  
  156  18:33  Missile Turret, Marine  
  159  18:34  Liberator  
  159  18:39  Liberator  
  159  18:41  SCV x2  
  162  18:46  Marine  
  157  18:49  Marine  
  157  18:50  Marauder x3  
  157  18:54  Ghost  
  166  18:57  SCV x2  
  168  19:09  SCV  
  169  19:11  Ghost  
  169  19:12  Medivac  
  172  19:22  Liberator  
  171  19:25  Liberator  
  171  19:30  SCV  
  175  19:33  Command Center  
  175  19:34  Ghost  
  175  19:35  Marine  
  175  19:36  Marauder  
  175  19:38  Marauder, Marine  
  172  19:41  Marauder, Marine  
  172  19:42  Marine  
  175  19:49  Orbital Command  
  181  20:02  Sensor Tower  
  181  20:05  Liberator x2  
  181  20:07  SCV  
  180  20:14  SCV  
  180  20:15  Liberator  
  180  20:16  Liberator  
  180  20:19  SCV  
  185  20:24  Ghost  
  187  20:31  SCV  
  187  20:32  Ghost  
  188  20:42  Marauder, Marine  
  176  20:43  SCV  
  176  20:44  Marauder, Marine  
  176  20:47  Marauder, Marine  
  176  20:49  Marauder  
  178  20:53  SCV, Marine  
  178  20:55  SCV  
  180  20:59  Marine  
  181  21:05  SCV  
  181  21:07  SCV  
  177  21:12  Viking x3  
  177  21:17  SCV  
  183  21:19  SCV  
  182  21:28  Ghost  
  182  21:30  SCV  
  182  21:31  SCV  
  186  21:42  SCV  
  186  21:43  SCV  
  166  21:48  Liberator  
  166  21:51  Marine x6  
  166  21:52  Marauder  
  166  21:54  SCV  
  174  21:57  Marauder  
  174  21:59  Marine  
  175  22:06  SCV  
  165  22:09  Marine  
  165  22:10  Marine, Marauder  
  165  22:13  Marine  
  168  22:18  SCV  
  168  22:22  Supply Depot x2  
  165  22:23  Supply Depot  
Show
View Real Time Build Order
Export as new Build Order

ShoWTimE Protoss 

Build Orders: 1 Gate Expand, Phoenix Opening, Colossus Rush 

Get SALT Encoding   

  12  0:00  Probe  
  13  0:12  Probe  
  14  0:16  Pylon  
  14  0:24  Probe  
  15  0:34  Gateway  
  15  0:36  Probe (Chrono Boost)  
  16  0:46  Assimilator, Probe (Chrono Boost)  
  17  0:51  Probe (Chrono Boost)  
  18  1:03  Probe  
  19  1:15  Probe  
  20  1:21  Cybernetics Core  
  20  1:27  Probe  
  21  1:33  Nexus  
  21  1:40  Pylon  
  21  1:42  Probe  
  22  1:47  Assimilator  
  22  1:55  Probe  
  22  1:56  Adept (Chrono Boost)  
  24  2:07  Probe  
  25  2:16  Adept (Chrono Boost)  
  25  2:19  Probe  
  28  2:24  Stargate  
  28  2:31  Probe  
  28  2:34  Warp Gate  
  29  2:38  Adept  
  31  2:44  Probe  
  31  2:46  Probe  
  34  2:58  Probe (Chrono Boost)  
  34  3:01  Probe (Chrono Boost)  
  35  3:08  Probe (Chrono Boost)  
  35  3:11  Phoenix (Chrono Boost), Probe (Chrono Boost)  
  39  3:13  Probe (Chrono Boost)  
  38  3:21  Probe  
  38  3:22  Gateway  
  38  3:24  Shield Battery  
  38  3:25  Probe  
  40  3:27  Phoenix (Chrono Boost)  
  40  3:33  Probe  
  43  3:35  Pylon  
  43  3:37  Probe  
  44  3:41  Robotics Facility  
  44  3:45  Probe  
  45  3:49  Probe  
  45  3:52  Assimilator  
  45  3:53  Assimilator  
  46  3:55  Phoenix  
  46  3:58  Probe  
  50  4:02  Probe  
  50  4:06  Pylon  
  50  4:10  Probe  
  50  4:14  Probe  
  52  4:21  Pylon  
  52  4:22  Probe  
  52  4:24  Phoenix  
  55  4:26  Immortal (Chrono Boost)  
  55  4:27  Probe  
  60  4:35  Pylon  
  60  4:37  Adept  
  62  4:40  Sentry  
  62  4:44  Probe  
  65  4:52  Pylon  
  65  4:54  Observer (Chrono Boost)  
  66  5:02  Probe  
  66  5:03  Probe  
  66  5:06  Robotics Bay  
  66  5:08  Nexus  
  66  5:12  Observer (Chrono Boost)  
  66  5:15  Probe x2  
  66  5:18  Phoenix  
  71  5:22  Pylon  
  71  5:27  Probe x2 (Chrono Boost)  
  73  5:34  Forge  
  73  5:36  Twilight Council  
  73  5:39  Probe x2 (Chrono Boost)  
  75  5:47  Probe x2 (Chrono Boost)  
  77  5:52  Colossus  
  77  5:53  Probe x2  
  85  5:59  Extended Thermal Lance  
  85  6:05  Charge, Probe (Chrono Boost)  
  85  6:06  Protoss Ground Weapons Level 1 (Chrono Boost)  
  85  6:09  Pylon  
  85  6:10  Probe (Chrono Boost)  
  87  6:16  Probe (Chrono Boost)  
  87  6:17  Observer  
  89  6:20  Probe (Chrono Boost)  
  89  6:21  Probe (Chrono Boost)  
  89  6:22  Probe (Chrono Boost)  
  89  6:24  Pylon  
  89  6:25  Sentry  
  93  6:29  Probe  
  93  6:32  Probe  
  95  6:33  Assimilator  
  95  6:34  Probe  
  95  6:36  Assimilator  
  96  6:40  Gateway  
  96  6:41  Probe, Gateway  
  96  6:43  Colossus (Chrono Boost)  
  96  6:44  Probe  
  104  6:52  Probe  
  104  7:02  Probe, Gateway  
  104  7:05  Gateway x2  
  104  7:07  Pylon, Gateway  
  104  7:09  Zealot x2  
  108  7:17  Pylon  
  108  7:22  Templar Archives  
  108  7:24  Colossus (Chrono Boost)  
  114  7:31  Zealot x2  
  118  7:37  Zealot x2  
  118  7:39  Pylon  
  118  7:40  Shield Battery  
  122  7:46  Pylon, Nexus  
  122  7:50  Pylon, Probe x3  
  125  7:54  Blink  
  125  7:55  Protoss Ground Weapons Level 2 (Chrono Boost)  
  125  8:04  Warp Prism (Chrono Boost), Forge  
  125  8:08  Shield Battery  
  125  8:09  High Templar  
  125  8:10  High Templar  
  131  8:15  Archon  
  131  8:16  Zealot x3  
  137  8:21  Pylon, Photon Cannon, Probe  
  137  8:22  Probe  
  137  8:24  Probe  
  140  8:32  High Templar x2  
  140  8:33  Disruptor (Chrono Boost)  
  144  8:38  Archon, Robotics Facility  
  148  8:42  Photon Cannon  
  148  8:47  Zealot x3  
  154  9:02  Disruptor (Chrono Boost)  
  156  9:04  Pylon  
  152  9:11  Protoss Ground Armor Level 1 (Chrono Boost)  
  152  9:13  Stalker x4  
  158  9:22  Probe  
  157  9:25  Photon Cannon  
  157  9:27  Photon Cannon  
  157  9:29  Shield Battery  
  157  9:30  Zealot x4  
  163  9:33  Warp Prism (Chrono Boost)  
  165  9:45  Zealot x4, Photon Cannon  
  173  9:46  Photon Cannon  
  173  9:50  Shield Battery  
  171  9:53  Zealot  
  171  9:54  Zealot x2  
  170  10:08  Stalker x2  
  170  10:09  Disruptor  
  170  10:12  Zealot  
  155  10:19  Zealot x2  
  153  10:21  Zealot x3  
  151  10:36  Pylon  
  151  10:40  Stalker x2  
  155  10:45  Pylon  
  155  10:50  Observer  
  155  10:51  Pylon  
  155  10:52  Pylon  
  155  10:53  Disruptor  
  155  10:55  Disruptor  
  161  11:09  Stalker x5, Photon Cannon  
  161  11:10  Shield Battery, Photon Cannon, Nexus  
  171  11:14  Pylon  
  171  11:15  Zealot  
  171  11:19  Zealot  
  171  11:20  Zealot  
  143  11:34  Zealot x5  
  153  11:57  Stalker x5  
  153  11:58  Forge  
  153  11:59  Unknown  
  163  12:02  Pylon  
  163  12:05  Pylon  
  162  12:13  Nexus  
  156  12:25  Zealot x2  
  156  12:26  Zealot x4  
  156  12:29  Probe x3  
  171  12:30  Disruptor  
  171  12:35  Pylon  
  175  12:40  Zealot, Protoss Ground Weapons Level 3 (Chrono Boost)  
  175  12:42  Protoss Ground Armor Level 2 (Chrono Boost)  
  171  12:44  Pylon  
  171  12:47  Zealot  
  171  12:48  Photon Cannon  
  173  12:54  Stalker x2  
  177  13:03  Zealot x2  
  177  13:04  High Templar x2  
  185  13:09  Archon  
  173  13:25  Zealot x3  
  173  13:26  Probe x2  
  154  13:41  Stalker x4  
  161  13:48  Zealot x3  
  155  14:03  Warp Prism (Chrono Boost)  
  155  14:04  High Templar x4, Disruptor (Chrono Boost)  
  155  14:09  Archon x2  
  161  14:13  Nexus  
  161  14:25  Nexus  
  161  14:27  Pylon  
  161  14:28  Disruptor (Chrono Boost)  
  165  14:44  High Templar x6  
  171  14:53  Archon  
  171  14:56  Archon x2  
  171  14:57  Disruptor  
  171  14:59  Zealot  
  159  15:09  Probe x2  
  159  15:12  Pylon  
  161  15:21  Probe, Protoss Ground Armor Level 3 (Chrono Boost)  
  161  15:22  Zealot x5, Probe  
  161  15:23  Zealot x2  
  177  15:34  Probe x2  
  179  15:35  Disruptor (Chrono Boost)  
  173  15:46  Probe  
  173  15:47  Zealot x7  
  173  15:48  Probe x2  
  184  15:58  Probe  
  184  16:00  Pylon  
  180  16:07  Stalker x2  
  183  16:13  Probe  
  167  16:29  Stalker x5  
  177  16:36  Zealot x2  
  181  16:43  Probe  
  117  17:01  Zealot x7  
  117  17:02  Disruptor (Chrono Boost)  
  117  17:04  Disruptor (Chrono Boost)  
  115  17:25  Zealot x7  
  115  17:26  Probe x3  
  115  17:27  Disruptor (Chrono Boost)  
  140  17:30  Assimilator  
  140  17:32  Assimilator  
  140  17:33  Disruptor (Chrono Boost)  
  137  17:38  Probe x2  
  135  17:48  Probe  
  135  17:50  Zealot x2  
  140  17:53  Zealot  
  140  17:55  Nexus  
  140  17:56  Disruptor (Chrono Boost)  
  146  18:01  Zealot x3  
  146  18:27  Colossus (Chrono Boost)  
  146  18:28  Probe x2  
  146  18:29  Zealot x7  
  142  18:53  Nexus  
  148  18:59  Colossus (Chrono Boost)  
  148  19:01  Zealot x2, Stalker x3  
  158  19:08  Stalker  
  160  19:14  Zealot  
  151  19:25  Pylon  
  151  19:26  Disruptor  
  151  19:28  Zealot x2  
  157  19:37  Zealot x2  
  161  19:43  Probe  
  161  19:44  Probe x2  
  164  19:49  Stalker  
  164  19:56  Stalker  
  165  20:09  Stalker x3  
  168  20:19  Zealot x4  
  174  20:34  Zealot x3  
  152  20:45  Stalker  
  136  21:03  Stalker  
  123  21:12  Stalker  
  125  21:25  Zealot  
  127  21:32  Zealot  
  126  21:46  Zealot  
  96  22:24  Observer (Chrono Boost)  
Tags
 
Add a new tag
Caveats
  • Supply blocks, unpowered buildings, or Contaminate may cause inaccurate times.
  • Supply counts are checked every 10 seconds.